 Dungeon Crawl Stone Soup version 0.30-a0-777-ga9a30cbeda (webtiles) character file.

Game seed: 8877582623397143679

2782 DEFE the Spear-Bearer (level 9, -2/59 HPs)
             Began as a Demonspawn Wanderer on Feb 14, 2023.
             Was an Initiate of Okawaru.
             Killed from afar by an electric eel (10 damage)
             ... with a bolt of electricity
             ... on level 6 of the Dungeon.
             The game lasted 00:05:51 (6810 turns).

DEFE the Spear-Bearer (Demonspawn Wanderer)         Turns: 6810, Time: 00:05:51

Health: -2/59      AC: 21    Str: 15    XL:     9   Next: 43%
Magic:  12/12      EV: 10    Int: 12    God:    Okawaru [......]
Gold:   486        SH:  0    Dex: 16    Spells: 11/12 levels left

rFire   + . .      SeeInvis .    G - +1 spear (vamp)
rCold   + . .      Faith    .    (no shield)
rNeg    . . .      Spirit   .    t - +4 ring mail of Disappointment {Str-4 Dex+4}
rPois   .          Reflect  .    o - +0 helmet
rElec   .          Harm     .    E - +1 cloak
rCorr   .          Rampage  .    (no gloves)
Will    .....                    (no boots)
Stlth   +                        (no amulet)
HPRegen 0.29/turn                y - +4 ring of protection
MPRegen 0.13/turn                p - ring of protection from fire

@: no status effects
A: hooves 2, icy blue scales 3, demonic magic 1
a: Renounce Religion


You were on level 6 of the Dungeon.
You worshipped Okawaru.
Okawaru was noncommittal.
You visited 2 branches of the dungeon, and saw 8 of its levels.

You collected 486 gold pieces.

Inventory:

Hand Weapons
 a - a +0 trident
 u - a +1 antimagic morningstar
 G - a +1 vampiric spear (weapon)
Missiles
 g - a throwing net
Armour
 b - a +0 scale mail
 j - a +0 cloak
 o - a +0 helmet (worn)
 t - the +4 ring mail of Disappointment (worn) {Str-4 Dex+4}
   (You found it on level 3 of the Dungeon)

   Str:       It affects your strength (-4).
   Dex:       It affects your dexterity (+4).
 E - a +1 cloak (worn)
Jewellery
 h - a ring of flight
 p - a ring of protection from fire (right hand)
 y - a +4 ring of protection (left hand)
 C - a ring of positive energy
Scrolls
 c - a scroll of silence
 e - 4 scrolls of enchant weapon {unknown}
 f - 2 scrolls of vulnerability {unknown}
 k - 2 scrolls of fog {unknown}
 l - 4 scrolls of identify {unknown}
 m - 3 scrolls of teleportation {unknown}
 n - a scroll of amnesia {unknown}
 q - 2 scrolls of magic mapping {unknown}
 r - a scroll of poison {unknown}
 D - a scroll of enchant armour {unknown}
 F - a scroll of brand weapon {unknown}
Potions
 d - 5 potions of curing
 i - a potion of invisibility {unknown}
 s - a potion of cancellation {unknown}
 v - a potion of might {unknown}
 w - a potion of lignification {unknown}
 x - 2 potions of magic {unknown}
 z - a potion of ambrosia {unknown}
 A - a potion of heal wounds {unknown}
 B - a potion of haste {unknown}
 H - 2 potions of mutation {unknown}
 I - a potion of flight {unknown}


   Skills:
 - Level 1.0 Fighting
 + Level 12.0 Polearms
 - Level 3.6 Armour
 - Level 2.0 Spellcasting
 - Level 1.0 Hexes


You had 11 spell levels left.
You knew the following spells:

 Your Spells              Type           Power      Damage    Failure   Level
a - Slow                  Hex            12%        N/A       34%         1

Your spell library contained the following spells:

 Spells                   Type           Power      Damage    Failure   Level
 Tukima's Dance           Hex            Unusable   N/A       N/A         3

Dungeon Overview and Level Annotations

Branches:
Dungeon (7/15)             Temple (1/1) D:7

Altars:
Ashenzari
Cheibriados
Fedhas
Gozag
Kikubaaqudgha
Makhleb
Nemelex Xobeh
Okawaru
Qazlal
Ru
Uskayaw
Vehumet
Wu Jian
Xom
Yredelemnul

Annotations:
D:2 1 runed translucent door, Crazy Yiuf


Innate Abilities, Weirdness & Mutations

You have hoof-like feet.
You are completely covered in icy blue scales. (AC +4, rC+)
Spells you cast may paralyse adjacent enemies.


Message History

You closely miss the electric eel. Your kick misses the electric eel.
The electric eel shoots out a bolt of lightning at you!
The bolt of electricity hits you!
* * * LOW HITPOINT WARNING * * *
The electric eel shoots out a bolt of lightning at you!
The bolt of electricity hits the electric eel.
The electric eel completely resists.
The bolt of electricity hits the electric eel.
The electric eel completely resists.
The bolt of electricity hits you.
* * * LOW HITPOINT WARNING * * *
The electric eel shoots out a bolt of lightning at you!
The bolt of electricity hits the electric eel.
The electric eel completely resists.
The bolt of electricity hits you.
* * * LOW HITPOINT WARNING * * *
You take 14 damage, and have 11/59 hp.
MASSIVE DAMAGE!!
You hit the electric eel but do no damage.
Your kick misses the electric eel.
Unknown command.
Unknown command.
Unknown command.
Unknown command.
Unknown command.
You hit the electric eel.
You feel better.
You kill the electric eel!
Okawaru accepts your kill.
You hear a splash.
The electric eel shoots out a bolt of lightning at you!
The bolt of electricity hits you but does no damage.
Unknown command.
Unknown command.
Unknown command.
Unknown command.
You regained 2 hp, and now have 14/59 hp.
The electric eel shoots out a bolt of lightning at you!
The bolt of electricity hits you.
* * * LOW HITPOINT WARNING * * *
The electric eel shoots out a bolt of lightning at you!
The bolt of electricity hits you!
You die...

.......#....##......# ..
.......#............# ...
.......#............####..#
..........................#
.#.###..#................#
..................#......
.....#............#...####.
. .####.............≈≈≈≈≈≈≈
#.........@..≈≈≈≈≈≈≈≈
#.........?.≈≈###≈≈##
###.....##....≈≈# ≈#
##........##...≈≈#+#
...........>...≈≈S≈≈≈
...#......#....≈≈S≈≈≈
...#......#....≈≈###≈≈ .
##.....#....≈≈# ≈
##.........≈≈#+#≈≈


You could see 2 electric eels.

Vanquished Creatures
  Pikel (D:4)
  Grinder (D:4)
  A wyvern (D:7)
  3 steam dragons
  Edmund (D:5)
  Duvessa (D:4)
  An orc warrior (D:7)
  A black bear (D:4)
  An ogre (D:5)
  A phantom (D:6)
  Blork the orc (D:3)
  A gnoll sergeant (D:7)
  Dowan (D:4)
  An electric eel (D:6)
  A howler monkey (D:6)
  4 hounds
  2 jellies (D:5)
  3 orc priests
  A gnoll bouda (D:6)
  An iguana (D:5)
  Natasha (thrice) (D:4)
  11 adders
  13 gnolls
  An ufetubus (D:5)
  6 worms
  2 dart slugs
  14 orcs
  7 ball pythons
  4 endoplasms
  6 giant cockroaches
  10 goblins
  5 hobgoblins
  A quokka (D:2)
  12 bats
  8 frilled lizards
  16 kobolds
  8 rats
155 creatures vanquished.

Vanquished Creatures (others)
  2 gnolls (D:7)
2 creatures vanquished.

Grand Total: 157 creatures vanquished

Notes
Turn   | Place    | Note
-------+----------+-------------------------------------------
     0 | D:1      | DEFE the Demonspawn Wanderer began the quest for the Orb.
     0 | D:1      | DEFE set off with the following items: a +0 trident, a +0
                  | scale mail, a scroll of silence; and the following spell
                  | memorised: Slow; and the following spells available to
                  | memorise: Tukima's Dance.
     0 | D:1      | Reached XP level 1. HP: 15/15 MP: 3/3
    52 | D:1      | Reached skill level 2 in Polearms
   321 | D:1      | Gained mutation: You have large cloven feet. [demonic
                  | ancestry]
   321 | D:1      | Reached XP level 2. HP: 21/21 MP: 5/5
   501 | D:1      | Reached skill level 3 in Polearms
  1241 | D:2      | Found a faded altar of an unknown god.
  1260 | D:2      | Gained mutation: You have hoof-like feet. [demonic
                  | ancestry]
  1260 | D:2      | Reached XP level 3. HP: 26/26 MP: 6/6
  2189 | D:2      | Gained mutation: Spells you cast may paralyse adjacent
                  | enemies. [demonic ancestry]
  2189 | D:2      | Reached XP level 4. HP: 28/32 MP: 7/7
  2212 | D:2      | Reached skill level 4 in Polearms
  2320 | D:2      | Found a runed translucent door.
  2321 | D:2      | Noticed Crazy Yiuf
  3066 | D:3      | Identified the +4 ring mail of Disappointment {Str-4 Dex+4}
  3513 | D:4      | Noticed Grinder
  3525 | D:4      | Paralysed by Grinder for 4 turns
  3533 | D:4      | Paralysed by Grinder for 3 turns
  3542 | D:4      | Killed Grinder
  3543 | D:4      | Reached skill level 6 in Polearms
  3543 | D:4      | Reached XP level 5. HP: 23/37 MP: 8/8
  3543 | D:4      | Gained mutation: You are partially covered in icy blue
                  | scales. (AC +2) [demonic ancestry]
  3543 | D:4      | Reached XP level 6. HP: 27/43 MP: 9/9
  3888 | D:4      | Noticed Natasha
  3893 | D:4      | Killed Natasha
  3944 | D:4      | Noticed Natasha
  3954 | D:4      | Killed Natasha
  3959 | D:4      | Noticed Natasha
  3964 | D:4      | Killed Natasha
  3965 | D:4      | Reached skill level 7 in Polearms
  3965 | D:4      | Gained mutation: You are mostly covered in icy blue scales.
                  | (AC +3) [demonic ancestry]
  3965 | D:4      | Reached XP level 7. HP: 48/48 MP: 10/10
  3977 | D:4      | Noticed Blork the orc
  3978 | D:4      | Noticed Dowan
  3980 | D:4      | Noticed Duvessa
  4002 | D:3      | Killed Blork the orc
  4076 | D:4      | Killed Duvessa
  4094 | D:4      | Killed Dowan
  4323 | D:4      | Found a hide-covered altar of Uskayaw.
  4418 | D:4      | You are sucked into a shaft and drop 3 floors!
  4521 | D:7      | Noticed a wyvern
  4532 | D:7      | Killed a wyvern
  4533 | D:7      | Reached skill level 8 in Polearms
  4626 | D:5      | Entered Level 5 of the Dungeon
  4681 | D:4      | Noticed Pikel
  4716 | D:4      | Killed Pikel
  4717 | D:4      | Reached skill level 9 in Polearms
  4717 | D:4      | Reached XP level 8. HP: 19/54 MP: 11/11
  4974 | D:4      | Reached skill level 10 in Polearms
  5441 | D:5      | Noticed Edmund
  5466 | D:5      | Killed Edmund
  5939 | D:5      | Reached skill level 11 in Polearms
  5939 | D:5      | Gained mutation: You are completely covered in icy blue
                  | scales. (AC +4, rC+) [demonic ancestry]
  5939 | D:5      | Reached XP level 9. HP: 59/59 MP: 12/12
  6478 | D:7      | Found a staircase to the Ecumenical Temple.
  6485 | Temple   | Entered the Ecumenical Temple
  6535 | Temple   | Became a worshipper of Warmaster Okawaru
  6724 | D:6      | Found a stormy altar of Qazlal.
  6774 | D:6      | Reached skill level 12 in Polearms
  6810 | D:6      | Killed from afar by an electric eel

Illustrated notes

Levels and vault maps discovered:
D:1:      saegor_arrival_simple_a, layout_basic, grunt_decor_cap
D:2:      minmay_razor_zed, layout_basic, hellmonk_ecumenical_altar_run_dry,
          minmay_3d_cube, uniq_crazy_yiuf_cottage
D:3:      wander_river, layout_basic
D:4:      layout_basic, general_overflow_altar, chequers_jeans,
          cheibrodos_gnoll_hut, uniq_blork_the_orc, uniq_duvessa, uniq_natasha,
          uniq_grinder, uniq_pikel
D:5:      layout_basic, nrook_pool_corridor, uniq_edmund
D:6:      hellmonk_destroyed_diamonds, layout_cave_pools,
          mainiacjoe_overflow_boulevard, water_boxes_lemuel
D:7:      layout_layer_cave, minmay_temple_entry_statues_fountains,
          chequers_serial_rivers_micro_a
Temple:   nicolae_temple_bog_church

Skill      XL: |  1  2  3  4  5  6  7  8  9 |
---------------+----------------------------+-----
Polearms       | 2 3 6 7 9 11 12 | 12.0
Fighting       | |  1.0
Armour         | |  3.6
Spellcasting   | |  2.0
Hexes          | |  1.0

Action                     |  1- 3 |  4- 6 |  7- 9 || total
---------------------------+-------+-------+-------++-------
  Melee: Trident           |   172 |   162 |   298 ||   632
         Kick              |    15 |    31 |   139 ||   185
         Punch             |     1 |       |     6 ||     7
         Spear             |       |       |   157 ||   157
    Use: Potion            |       |     1 |     1 ||     2
 Armour: Scale mail        |    72 |    33 |       ||   105
         Ring mail         |       |    51 |   165 ||   216
  Dodge: Dodged            |    65 |    71 |   146 ||   282

Table legend: (Time is in decaauts)
 A = Elapsed time spent in this place.
 B = Non-inter-level travel time spent in this place.
 C = Inter-level travel time spent in this place.
 D = Time resting spent in this place.
 E = Time spent auto-exploring this place.
 F = Levels seen in this place.
 G = Mean time per level.
                   A        B        C        D        E       F      G
               +--------+--------+--------+--------+--------+-----+--------+
         Total |   6722 |   6297 |    425 |    788 |   4259 |   8 |  840.2 |
       Dungeon |   6644 |   6241 |    403 |    788 |   4221 |   7 |  949.1 |
        Temple |     77 |     55 |     22 |      0 |     38 |   1 |   77.0 |
               +--------+--------+--------+--------+--------+-----+--------+

Top non-repeatable levels by time:
     D:2: 1538 daAuts
     D:4: 1308 daAuts
     D:1: 1250 daAuts
     D:5: 915 daAuts
     D:3: 800 daAuts
     D:7: 661 daAuts
     D:6: 169 daAuts
  Temple: 77 daAuts
